 Dungeon Crawl Stone Soup version 0.29-a0-542-g075992c915 (webtiles) character file.

Game seed: 16896626981800095087

13339 YeBoyLucifer the Cleaver (level 12, -12/165 HPs)
             Began as a Hill Orc Fighter on June 4, 2022.
             Was an Elder of Beogh.
             Mangled by an orc warrior
             ... wielding a +0 halberd
              (16 damage)
             ... on level 2 of the Orcish Mines.
             The game lasted 00:40:50 (12881 turns).

YeBoyLucifer the Cleaver (Hill Orc Fighter)        Turns: 12881, Time: 00:40:53

Health: -12/165    AC: 26    Str: 22    XL:     12   Next: 5%
Magic:  12/12      EV:  2    Int:  8    God:    Beogh [****..]
Gold:   320        SH:  0    Dex:  8    Spells: 11/11 levels left

rFire   . . .      SeeInvis .   G - +3 broad axe (freeze)
rCold   . . .      Faith    .   c - +0 buckler
rNeg    . . .      Spirit   .   (body armour currently unavailable)
rPois   +          Reflect  .   (helmet currently unavailable)
rElec   .          Harm     .   (cloak currently unavailable)
rCorr   .          Rampage  .   (gloves currently unavailable)
Will    .....      Rage     1%  (boots currently unavailable)
Stlth   +......... NoTele   +   s - amulet of magic regeneration
HPRegen 0.37/turn               p - +4 ring of evasion
MPRegen 0.53/turn               f - ring of flight

@: confused, mighty, tree-form, ambrosia-drunk, unable to read
A: stationary, stasis, torment immunity, boosted hp, berserk 1, clumsy 1, dopey
1, inability to read while threatened
a: Renounce Religion, Smiting, Recall Orcish Followers


You were on level 2 of the Orcish Mines.
You worshipped Beogh.
Beogh was greatly pleased with you.
You were a tree.
You visited 2 branches of the dungeon, and saw 13 of its levels.

You collected 1018 gold pieces.
You spent 698 gold pieces at shops.

Inventory:

Hand Weapons
 a - a +2 war axe of venom
 G - a +3 broad axe of freezing (weapon)
Armour
 c - a +0 buckler (worn)
 q - a +0 helmet (melded)
 t - the +0 pair of boots of Enlizomn (melded) {rElec Dex+3}
   (You found it on level 2 of the Dungeon)

   Dex:       It affects your dexterity (+3).
   rElec:     It insulates you from electricity.
 w - a +0 cloak (melded)
 B - a +1 plate armour (melded)
Jewellery
 f - a ring of flight (right branch)
 i - a +6 ring of intelligence
 p - a +4 ring of evasion (left branch)
 s - an amulet of magic regeneration (around neck)
 C - the ring "Hero's Friend" {rPois rN++ Str-5 Int+3 Dex-4}
   (You took it off an orc on level 6 of the Dungeon)

   [ring of poison resistance]

   Str:       It affects your strength (-5).
   Int:       It affects your intelligence (+3).
   Dex:       It affects your dexterity (-4).
   rPois:     It protects you from poison.
   rN:        It greatly protects you from negative energy.
Wands
 h - a wand of charming (8)
 u - a wand of paralysis (25)
 A - a wand of iceblast (3)
 J - a wand of acid (2)
 K - a wand of digging (4)
Scrolls
 d - a scroll of vulnerability
 g - 9 scrolls of teleportation
 k - 2 scrolls of fog
 m - a scroll of poison
 n - 3 scrolls of fear
 v - 3 scrolls of immolation
 x - 2 scrolls of amnesia
 y - 3 scrolls of identify
 H - a scroll of blinking {unknown}
Potions
 b - a potion of cancellation
 e - a potion of attraction
 j - a potion of haste
 o - a potion of ambrosia
 z - a potion of might
 E - 2 potions of flight
 F - a potion of curing {unknown}
 I - 2 potions of invisibility {unknown}


   Skills:
 + Level 11.6 Fighting
 * Level 13.9 Axes
 + Level 10.6 Armour
 + Level 10.7 Shields


You had 11 spell levels left.
You didn't know any spells.
Your spell library contained the following spells:

 Spells                   Type           Power      Damage    Failure   Level
 Shock                    Conj/Air       0%         1d3       45%         1
 Ensorcelled Hibernation  Hex/Ice        0%         N/A       61%         2
 Scorch                   Fire           0%         2d5       61%         2
 Sublimation of Blood     Necr           0%         N/A       61%         2
 Gell's Gravitas          Tloc           0%         N/A       83%         3
 Spider Form              Tmut/Pois      0%         N/A       83%         3
 Swiftness                Air            0%         N/A       83%         3
 Teleport Other           Tloc           0%         N/A       83%         3
 Airstrike                Air            0%         N/A       99%         4
 Anguish                  Hex/Necr       0%         N/A       99%         4
 Flame Wave               Conj/Fire      0%         2d4       99%         4
 Petrify                  Tmut/Erth      0%         N/A       99%         4
 Irradiate                Conj/Tmut      0%         3d13      100%        5
 Dispersal                Tloc           0%         N/A       100%        6
 Summon Cactus Giant      Summ           0%         N/A       100%        6


Dungeon Overview and Level Annotations

Branches:
Dungeon (11/15)            Temple (0/1) D:4            Lair (0/6) D:11
    Orc (2/2) D:11
    Elf: Orc:2

Altars:
Ashenzari
Cheibriados
Elyvilon
Nemelex Xobeh
Sif Muna
Uskayaw
Vehumet
Wu Jian

Shops:
D:9 *[!?*   D:11 (

Annotations:
D:3 2 transporters, Miritol's ghost, amateur DsMo


Innate Abilities, Weirdness & Mutations

You are a tree.
Your roots penetrate the ground, keeping you stationary.
You cannot be teleported.
You are immune to unholy pain and torment.
Your maximum health is greatly increased.
Your equipment is partially melded.
You tend to lose your temper in combat.
You are clumsy. (Dex -2)
You are dopey. (Int -2)
You sometimes lose the ability to read scrolls when taking damage.


Message History

You cannot move. (Use ctrl+direction or * direction to attack while stationary and confused.)
You cannot move. (Use ctrl+direction or * direction to attack while stationary and confused.)
You cannot move. (Use ctrl+direction or * direction to attack while stationary and confused.)
You cannot move. (Use ctrl+direction or * direction to attack while stationary and confused.)
You cannot move. (Use ctrl+direction or * direction to attack while stationary and confused.)
You cannot move. (Use ctrl+direction or * direction to attack while stationary and confused.)
You cannot move. (Use ctrl+direction or * direction to attack while stationary and confused.)
You cannot move. (Use ctrl+direction or * direction to attack while stationary and confused.)
You are too confused!
You feel sick.
The orc knight unwields a +0 arbalest.
The orc knight wields a +2 great sword.
The orc knight hits you with a +2 great sword!!
* * * LOW HITPOINT WARNING * * *
Something hits you but does no damage.
The orc warrior hits you but does no damage.
An orc warrior comes into view. It is wielding a +0 short sword.
The orc knight roars a battlecry!
The orc warrior goes into a battle-frenzy!
You feel sick.
The orc knight hits you but does no damage.
Something hits you but does no damage.
The orc priest hits you but does no damage.
The orc warrior hits you from afar with a +0 halberd!
* * * LOW HITPOINT WARNING * * *
Unknown command.
You cannot move. (Use ctrl+direction or * direction to attack while stationary and confused.)
You cannot move. (Use ctrl+direction or * direction to attack while stationary and confused.)
You cannot move. (Use ctrl+direction or * direction to attack while stationary and confused.)
You cannot move. (Use ctrl+direction or * direction to attack while stationary and confused.)
You cannot move. (Use ctrl+direction or * direction to attack while stationary and confused.)
You cannot move. (Use ctrl+direction or * direction to attack while stationary and confused.)
You feel sick.
You are no longer poisoned.
The orc knight no longer looks unusually strong.
The orc knight roars a battlecry!
The orc knight goes into a battle-frenzy!
Something hits you but does no damage.
The orc warrior hits you from afar with a +0 halberd!
You die...
Beogh appreciates the orc warrior's killing of a heretic priest.

#................
#................
##.............$.. .
#.......).)....... .o
#.........))...#..
..)#####..)....)).......
......8..#..............
.)).)oo)..............).
.))..)o♣)...............
....))o{..#.............
...)).8..#.............$
...######...............
.. ............... .
.............##
..............
...........#..


You could see 2 orc knights, 2 orc warriors and an orc priest (strong).

Vanquished Creatures
  Erica (D:10)
  3 two-headed ogres (D:11)
  Maggie (D:6)
  Psyche (D:10)
  2 trolls
  A hornet (D:9)
  Grinder (D:6)
  Sigmund (D:3)
  A shadow (D:10)
  4 yaks
  A vampire (D:10)
  A wraith (D:10)
  2 wyverns (D:10)
  4 hogs (D:10)
  A human (D:10)
  A warg (Orc:2)
  Menkaure (D:4)
  A water moccasin (D:6)
  8 orc warriors
  An ice beast (D:7)
  A black bear (D:6)
  4 ogres
  3 centaurs
  3 phantoms
  3 bullfrogs
  3 kobold brigands
  A gnoll sergeant (D:11)
  2 necrophages
  3 scorpions
  4 wights (D:7)
  17 killer bees
  7 howler monkeys
  A jelly (D:6)
  3 hounds (D:4)
  Crazy Yiuf (D:4)
  5 orc priests
  5 iguanas
  Ijyb (D:3)
  14 orc wizards
  7 gnolls
  An adder (D:6)
  2 shadow imps
  A white imp (D:5)
  A worm (D:3)
  5 dart slugs
  28 orcs
  5 bats
  5 endoplasms
  3 giant cockroaches
  6 hobgoblins
  3 jackals (D:3)
  4 quokkas
  2 ball pythons
  4 frilled lizards
  8 goblins
  15 kobolds
  A rat (D:1)
219 creatures vanquished.

Vanquished Creatures (collateral kills)
  An orc warlord (Orc:2)
  A hydra (D:11)
  An orc high priest (Orc:2)
  Nergalle (Orc:1)
  A gargoyle (D:11)
  2 trolls
  A wraith (D:11)
  3 yaks (D:11)
  7 orc warriors
  2 orc priests
  3 orc wizards (Orc:2)
  6 orcs
29 creatures vanquished.

Vanquished Creatures (others)
  An orc knight (Orc:2)
  An orc sorcerer (Orc:2)
  3 orc warriors (Orc:2)
  4 orc wizards
  An orc priest (Orc:2)
  12 orcs
22 creatures vanquished.

Grand Total: 270 creatures vanquished

Notes
Turn   | Place    | Note
-------+----------+-------------------------------------------
     0 | D:1      | YeBoyLucifer the Hill Orc Fighter began the quest for the
                  | Orb.
     0 | D:1      | Reached XP level 1. HP: 19/19 MP: 1/1
   206 | D:1      | Reached XP level 2. HP: 25/27 MP: 2/2
   327 | D:1      | Reached skill level 3 in Axes
   725 | D:1      | Reached XP level 3. HP: 33/33 MP: 3/3
  1423 | D:2      | Identified the +0 pair of boots of Enlizomn {rElec Dex+3}
  1555 | D:3      | Noticed Ijyb
  1558 | D:3      | Paralysed by Ijyb for 5 turns
  1564 | D:3      | Paralysed by Ijyb for 2 turns
  1567 | D:3      | Killed Ijyb
  1568 | D:3      | Reached XP level 4. HP: 36/41 MP: 4/4
  1607 | D:3      | Noticed Sigmund
  1615 | D:3      | Killed Sigmund
  1616 | D:3      | Reached skill level 5 in Fighting
  1616 | D:3      | Reached skill level 4 in Axes
  1616 | D:3      | Reached XP level 5. HP: 48/48 MP: 5/5
  1616 | D:3      | Reached XP level 6. HP: 56/56 MP: 6/6
  2147 | D:3      | Noticed Miritol's ghost (amateur DsMo)
  2149 | D:3      | Found a transporter.
  2149 | D:3      | Identified the +6 giant club of Incongruity {venom, rF+
                  | Str+2}
  2152 | D:3      | Found a transporter.
  2391 | D:3      | Found a faded altar of an unknown god.
  2493 | D:4      | Noticed Menkaure
  2502 | D:4      | Killed Menkaure
  2503 | D:4      | Reached skill level 5 in Axes
  2503 | D:4      | Reached skill level 5 in Armour
  2503 | D:4      | Reached skill level 5 in Shields
  2503 | D:4      | Reached XP level 7. HP: 16/61 MP: 7/7
  2759 | D:4      | Gained mutation: You are clumsy. (Dex -2) [potion of
                  | mutation]
  2759 | D:4      | Gained mutation: Your spells are a little easier to cast,
                  | but a little less powerful. [potion of mutation]
  2759 | D:4      | Gained mutation: Potions are less effective at restoring
                  | your health. [potion of mutation]
  2759 | D:4      | Gained mutation: You have a pair of small antennae on your
                  | head. [potion of mutation]
  2762 | D:4      | Lost mutation: You have a pair of small antennae on your
                  | head. [potion of mutation]
  2762 | D:4      | Lost mutation: Your spells are a little easier to cast, but
                  | a little less powerful. [potion of mutation]
  2762 | D:4      | Lost mutation: You are clumsy. (Dex -2) [potion of
                  | mutation]
  2763 | D:4      | Lost mutation: Potions are less effective at restoring your
                  | health. [potion of mutation]
  2763 | D:4      | Gained mutation: You expend magic power (3 MP) to
                  | strengthen your wands. [potion of mutation]
  2763 | D:4      | Gained mutation: You are resistant to electric shocks.
                  | (rElec) [potion of mutation]
  2763 | D:4      | Gained mutation: You are robust. (+10% HP) [potion of
                  | mutation]
  2821 | D:4      | Became a worshipper of Beogh the Brigand
  3164 | D:4      | Found a runed translucent door.
  3210 | D:4      | Noticed Crazy Yiuf
  3215 | D:4      | Killed Crazy Yiuf
  3396 | D:4      | Found a staircase to the Ecumenical Temple.
  3815 | D:5      | Entered Level 5 of the Dungeon
  3863 | D:5      | Reached skill level 6 in Axes
  3904 | D:5      | Reached XP level 8. HP: 43/78 MP: 8/8
  4746 | D:5      | Reached skill level 7 in Axes
  5342 | D:6      | Noticed Maggie
  5359 | D:6      | Killed Maggie
  5360 | D:6      | Reached XP level 9. HP: 41/86 MP: 9/9
  5466 | D:6      | Identified the ring "Hero's Friend" {rPois rN++ Str-5 Int+3
                  | Dex-4}
  5638 | D:6      | Found a broken altar of Ashenzari.
  5654 | D:6      | Reached skill level 8 in Axes
  5692 | D:6      | Noticed Grinder
  5705 | D:6      | Paralysed by Grinder for 2 turns
  5707 | D:6      | Killed Grinder
  5707 | D:6      | Reached * piety under Beogh
  5952 | D:6      | Found a white marble altar of Elyvilon.
  6135 | D:6      | Lost mutation: You are robust. (+10% HP) [potion of
                  | mutation]
  6135 | D:6      | Lost mutation: You are resistant to electric shocks.
                  | (rElec) [potion of mutation]
  6135 | D:6      | Gained mutation: You are partially covered in iridescent
                  | scales. (AC +2) [potion of mutation]
  6171 | D:6      | Lost mutation: You expend magic power (3 MP) to strengthen
                  | your wands. [potion of mutation]
  6171 | D:6      | Lost mutation: You are partially covered in iridescent
                  | scales. (AC +2) [potion of mutation]
  6171 | D:6      | Gained mutation: Your system is resistant to poisons.
                  | (rPois) [potion of mutation]
  6171 | D:6      | Gained mutation: You are clumsy. (Dex -2) [potion of
                  | mutation]
  6171 | D:6      | Gained mutation: You are dopey. (Int -2) [potion of
                  | mutation]
  6171 | D:6      | Gained mutation: You have a pair of small horns on your
                  | head. [potion of mutation]
  6636 | D:7      | Found a snail-covered altar of Cheibriados.
  6780 | D:7      | Reached skill level 9 in Axes
  7183 | D:7      | Reached ** piety under Beogh
  7522 | D:8      | Reached XP level 10. HP: 54/91 MP: 10/10
  8568 | D:8      | Found an ornate altar of the Wu Jian Council.
  8772 | D:9      | Found Rufaud's Antique Armour Shoppe.
  8890 | D:9      | Reached skill level 10 in Axes
  9054 | D:9      | Found Decelot's Assorted Antiques.
  9287 | D:9      | Found Tueqi's Assorted Antiques.
  9295 | D:9      | Bought a potion of mutation for 280 gold pieces
  9295 | D:9      | Lost mutation: You have a pair of small horns on your head.
                  | [potion of mutation]
  9295 | D:9      | Lost mutation: Your system is resistant to poisons. (rPois)
                  | [potion of mutation]
  9295 | D:9      | Gained mutation: You sometimes lose the ability to read
                  | scrolls when taking damage. [potion of mutation]
  9295 | D:9      | Gained mutation: You tend to lose your temper in combat.
                  | [potion of mutation]
  9357 | D:9      | Found Peluroll's Distillery.
  9365 | D:9      | Bought a potion of might for 40 gold pieces
  9365 | D:9      | Bought a potion of might for 40 gold pieces
  9567 | D:9      | Found Hoith's Magic Scroll Boutique.
  9850 | D:10     | Entered Level 10 of the Dungeon
  9921 | D:10     | Reached *** piety under Beogh
  9950 | D:10     | Reached skill level 10 in Fighting
 10005 | D:10     | Reached skill level 11 in Axes
 10300 | D:10     | Reached XP level 11. HP: 40/101 MP: 11/11
 10637 | D:10     | Noticed Psyche
 10646 | D:10     | Killed Psyche
 10660 | D:10     | Found a sparkling altar of Nemelex Xobeh.
 10664 | D:10     | Found a shimmering blue altar of Sif Muna.
 10669 | D:10     | Found a radiant altar of Vehumet.
 10683 | D:10     | Noticed Erica
 10700 | D:10     | Killed Erica
 10940 | D:10     | Reached skill level 12 in Axes
 11312 | D:11     | Found a staircase to the Orcish Mines.
 11314 | D:11     | Found Georphoipn's Weapon Boutique.
 11328 | D:11     | Bought a +3 broad axe of freezing for 338 gold pieces
 11449 | D:11     | Found a staircase to the Lair.
 11470 | D:11     | Reached skill level 10 in Shields
 11742 | D:11     | Noticed a two-headed ogre
 11749 | D:11     | Killed a two-headed ogre
 11749 | D:11     | Reached **** piety under Beogh
 11750 | D:11     | Reached skill level 10 in Armour
 11801 | D:11     | Noticed a two-headed ogre
 11808 | D:11     | Killed a two-headed ogre
 11813 | D:11     | Noticed a two-headed ogre
 11819 | D:11     | Killed a two-headed ogre
 11820 | D:11     | Reached skill level 13 in Axes
 11927 | D:11     | Noticed a six-headed hydra
 11934 | D:11     | Killed a ten-headed hydra
 11939 | D:11     | Found a hide-covered altar of Uskayaw.
 11941 | D:11     | Noticed a +0 hand axe
 11941 | D:11     | Noticed a +0 dagger
 12422 | Orc:1    | Entered Level 1 of the Orcish Mines
 12422 | Orc:1    | Noticed Nergalle
 12435 | Orc:1    | Killed Nergalle
 12824 | Orc:2    | Entered Level 2 of the Orcish Mines
 12852 | Orc:2    | Noticed an orc high priest
 12856 | Orc:2    | Noticed an orc warlord
 12861 | Orc:2    | Killed an orc high priest
 12863 | Orc:2    | Noticed an orc sorcerer
 12865 | Orc:2    | Noticed an orc knight
 12865 | Orc:2    | Gained Zartorak as an ally
 12868 | Orc:2    | Noticed an orc knight
 12869 | Orc:2    | Your ally Zartorak died
 12871 | Orc:2    | HP: 4/153 [orc warrior/+0 battleaxe[an orc warlord] (10)]
 12871 | Orc:2    | Killed an orc warlord
 12872 | Orc:2    | Reached XP level 12. HP: 4/110 MP: 12/12
 12879 | Orc:2    | HP: 8/165 [orc knight/+2 great sword (32)]
 12880 | Orc:2    | HP: 1/165 [orc warrior/+0 halberd (10)]
 12881 | Orc:2    | Mangled by an orc warrior

Illustrated notes

Levels and vault maps discovered:
D:1:      minmay_arrival_open_corners, layout_loops_corners, st_stairs_8
D:2:      layout_rooms
D:3:      layout_rooms, gammafunk_ghost_smash,
          hellmonk_ecumenical_altar_blasted, uniq_ijyb, uniq_sigmund
D:4:      layout_loops_ring, minmay_temple_entry_nine_rooms, uniq_menkaure,
          uniq_crazy_yiuf_cottage
D:5:      layout_loops_ring
D:6:      layout_cave_pools, general_overflow_altar, lemuel_tele_altar,
          kennysheep_small_spiral, uniq_maggie, uniq_grinder
D:7:      layout_loops_ring, kennysheep_slug_shrine
D:8:      layout_basic, mainiacjoe_overflow_concentric_impassable,
          dk_noncrumbling_3, minmay_door_square, fountainhead
D:9:      layout_irregular_city, serial_shops, nicolae_square_shop,
          nicolae_square_shop, nicolae_shop_behind_doors, shop,
          nicolae_shop_hallway_stairs
D:10:     layout_basic, grunt_temple_overflow_diamond, grunt_livestock,
          minmay_circle_x, uniq_psyche, uniq_erica
D:11:     kennysheep_spiral_hall, layout_stronghold, lair_entry_dummy,
          orc_david_3, dancing_weapons_uskayaw
Orc:1:    layout_caves, uniq_nergalle
Orc:2:    grunt_orc_cross, layout_caves, serial_shops, nicolae_diamond_shop

Skill      XL: |  1  2  3  4  5  6  7  8  9 10 11 |
---------------+----------------------------------+-----
Axes           | 3 4 5 6 7 9 11 13 | 13.9
Fighting       | 4 5 6 7 9 10 11 | 11.6
Armour         | 4 5 6 8 9 10 | 10.6
Shields        | 4 5 7 8 9 10 | 10.7

Action                   |  1- 3 |  4- 6 |  7- 9 | 10-12 || total
-------------------------+-------+-------+-------+-------++-------
Melee: War axe           |    91 |    77 |   357 |   197 ||   722
       Headbutt          |       |       |    19 |    17 ||    36
       Broad axe         |       |       |       |    62 ||    62
       Unarmed           |       |       |       |     4 ||     4
Invok: Convert to Beogh  |       |       |     1 |       ||     1
       Smiting           |       |       |       |     1 ||     1
Evoke: Wand              |       |       |     2 |     5 ||     7
  Use: Scroll            |       |     6 |     2 |    10 ||    18
       Potion            |       |       |    12 |     9 ||    21
 Stab: Distracted        |       |       |       |     1 ||     1
Armor: Scale mail        |    11 |       |       |       ||    11
       Chain mail        |    57 |    47 |    79 |       ||   183
       Plate armour      |       |       |   112 |   192 ||   304
       Skin              |       |       |       |    16 ||    16
Dodge: Dodged            |    36 |    25 |   138 |   172 ||   371
Block: Buckler           |    20 |    19 |    75 |   103 ||   217

Table legend: (Time is in decaauts)
 A = Elapsed time spent in this place.
 B = Non-inter-level travel time spent in this place.
 C = Inter-level travel time spent in this place.
 D = Time resting spent in this place.
 E = Time spent auto-exploring this place.
 F = Levels seen in this place.
 G = Mean time per level.
                   A        B        C        D        E       F      G
               +--------+--------+--------+--------+--------+-----+--------+
         Total |  13004 |  11935 |   1069 |      0 |   9978 |  13 | 1000.3 |
       Dungeon |  12547 |  11580 |    967 |      0 |   9695 |  11 | 1140.6 |
  Orcish Mines |    457 |    355 |    102 |      0 |    283 |   2 |  228.5 |
               +--------+--------+--------+--------+--------+-----+--------+

Top non-repeatable levels by time:
     D:5: 1547 daAuts
    D:10: 1443 daAuts
     D:4: 1353 daAuts
     D:8: 1268 daAuts
     D:6: 1175 daAuts
    D:11: 1150 daAuts
     D:9: 1125 daAuts
     D:1: 1056 daAuts
     D:7: 963 daAuts
     D:3: 933 daAuts
     D:2: 529 daAuts
   Orc:1: 401 daAuts
   Orc:2: 56 daAuts
